AoeStats
← [Massa] Edo

Hideout

503544592Analyzed
2v2 RM · 1mo ago on Sep 1, 2026· 31m 0s· 4 players
Game mode
Random Map
Map size
Medium (4 player)
Population
200
Speed
Normal
Resources
Standard
Victory
Conquest
Starting age
Dark Age
Ending age
Imperial Age
RankedLock teamsTeams togetherTeam positionsShared explorationLock speedFull tech treeHidden civsTurbo modeCheats
Victory
Defeat
🇭🇰 Japanese · Hong Kong SAR China
1497
+12
🇺🇸 Inca · United States
1424
+15
🇧🇷 Dravidians · Brazil
1407
-14
🇧🇷 Mongols · Brazil
1407
-14
[Massa] Edo
9:55 Feudal Age
11:08 Loom
14:52 Castle Age
13:47 Double-Bit Axe
19:10 Horse Collar
26:38 Wheelbarrow
27:00 Ballistics
26:32 Fletching
29:40 Town Watch
30:22 Scale Barding Armor
30:27 Forging
tg
10:47 Feudal Age
10:37 Loom
11:56 Double-Bit Axe
12:50 Fletching
14:17 Horse Collar
20:32 Castle Age
18:47 Gold Mining
20:09 Town Watch
21:08 Bodkin Arrow
20:35 Crossbowman
23:05 Bow Saw
23:56 Heavy Plow
25:24 Padded Archer Armor
26:50 Wheelbarrow
27:35 Ballistics
AKZosima
9:16 Feudal Age
7:32 Loom
9:21 Champi Runner
9:58 Double-Bit Axe
14:33 Scale Mail Armor
19:43 Castle Age
18:47 Forging
19:48 Horse Collar
19:51 Champi Warrior
20:33 Arson
20:49 Squires
22:25 Wheelbarrow
22:16 Chain Mail Armor
24:03 Arson
28:47 Bow Saw
30:05 Heavy Plow
31:13 Hand Cart
31:03 Gold Mining
mbxmm
9:08 Feudal Age
9:32 Man-at-Arms
10:05 Double-Bit Axe
10:51 Horse Collar
18:48 Castle Age
17:34 Gold Mining
18:56 Loom
19:11 Fletching
19:44 Bow Saw
20:24 Bodkin Arrow
21:04 Padded Archer Armor
22:13 Ballistics
23:28 Gold Shaft Mining
23:22 Husbandry
24:24 Bloodlines
25:56 Thumb Ring
27:54 Leather Archer Armor
Connection lost

Rejoining the realm…

Still unreachable

The connection could not be restored.

Session expired

The server has moved on; the page needs a fresh start.